 Dungeon Crawl Stone Soup version 0.18.1-50-g88ac8fd (webtiles) character file.

508 Huivn the Shield-Bearer (level 6, -1/47 HPs)
             Began as a Vampire Fighter on Oct 24, 2016.
             Slain by an ogre
             ... wielding a +0 giant club
              (27 damage)
             ... on level 4 of the Dungeon.
             The game lasted 00:28:36 (3649 turns).

Huivn the Shield-Bearer (Vampire Fighter)           Turns: 3649, Time: 00:28:37

Health: -1/47      AC: 11    Str: 17    XL:     6   Next: 98%
Magic:  6/6        EV:  4    Int: 11    God:
Gold:   251        SH:  9    Dex: 13    Spells: 0 memorised, 5 levels left

rFire  . . .     SeeInvis +     a - +2 dagger (vamp)
rCold  . . .     Gourm    .     m - +0 plate armour
rNeg   + . .     Faith    .     c - +0 shield
rPois  .         Spirit   .     (no helmet)
rElec  .         Dismiss  .     (no cloak)
rCorr  .         Reflect  .     (no gloves)
SustAt .         Harm     .     (no boots)
MR     .....                    (no amulet)
Stlth  ..........               (no ring)
                                (no ring)

@: not resistant to hostile enchantments, extremely unstealthy
A: fangs 3, see invisible, unbreathing
a: Bat Form


You were on level 4 of the Dungeon.
You were not thirsty.

You visited 1 branch of the dungeon, and saw 4 of its levels.

You collected 251 gold pieces.

Inventory:

Hand Weapons
 a - a +2 vampiric dagger (weapon)
 j - a +2 dagger of draining
 o - a +0 rapier
 q - a +4 trident
Missiles
 n - 6 javelins (quivered)
Armour
 c - a +0 shield (worn)
 l - a +0 scale mail of cold resistance
 m - a +0 plate armour (worn)
Jewellery
 b - an uncursed ring of wizardry
Scrolls
 f - 2 scrolls of magic mapping
 h - a scroll of noise
 i - a scroll of remove curse
 k - 6 scrolls of identify
 p - a scroll of immolation {unknown}
Potions
 d - a potion of might
 e - 2 potions of lignification
 g - 3 potions of curing


   Skills:
 + Level 3.6 Fighting
 + Level 1.4 Short Blades
 + Level 2.2 Polearms
 + Level 1.3 Throwing
 + Level 4.0 Armour
 + Level 2.4 Dodging
 + Level 4.4 Shields


You had 5 spell levels left.
You didn't know any spells.

Dungeon Overview and Level Annotations

Branches:
Dungeon (4/15)
 Temple: D:4-7

Altars:
Nemelex Xobeh


Innate Abilities, Weirdness & Mutations

You have razor-sharp teeth.
You have supernaturally acute eyesight.
You can survive without breathing.


Message History

You see here a tomahawk.
k - 6 scrolls of identify (gained 3)
The drain falls to bits.
There is an open door here.
You enter the shallow water.
Moving in this stuff is going to be slow.
There is a collapsed entrance here.
You enter the shallow water.
Moving in this stuff is going to be slow.
There is an open door here.
You see here a bread ration.
You open the door.
Found a runed mace.
There is an open door here.
An ogre comes into view. It is wielding a giant club.
The ogre shouts!
The ogre hits you with a giant club!
You completely miss the ogre. The ogre hits you with a giant club!!
Ouch! That really hurt!
You die...

#....#....### #...
#....#....#.# #...
#....#...... #...
#....#....# #..#
#....#....#
#####..###....#....#
..............#....#
.###......%...'.@..#
..............#..O.#
#######.......#..).+
#≈≈≈≈≈#.......#....#
#≈≈.≈≈'.#+#####....#
#≈≈≈≈≈#.....# .....#
#######.....#......#
.......(....#......#
.......)#####....


You could see an ogre.

Vanquished Creatures
  The ghost of kantspehl the Digger, an amateur GrEE (D:4)
  An ogre (D:4)
  An orc wizard (D:3)
  2 orc priests (D:3)
  Terence (D:2)
  An iguana (D:4)
  4 gnolls (D:2)
  4 adders
  An adder skeleton (D:4)
  4 worms
  2 dart slugs
  12 orcs
  5 bats
  4 giant cockroaches
  10 goblins
  7 hobgoblins
  2 jackals (D:1)
  8 kobolds
  3 quokkas
  6 giant newts
  6 rats
  A fungus (D:4)
86 creatures vanquished.

Notes
Turn   | Place    | Note
--------------------------------------------------------------
     0 | D:1      | Huivn the Vampire Fighter began the quest for the Orb.
     0 | D:1      | Reached XP level 1. HP: 17/17 MP: 1/1
   150 | D:1      | Reached XP level 2. HP: 16/23 MP: 2/2
   869 | D:2      | Reached skill level 1 in Dodging
   957 | D:2      | Reached XP level 3. HP: 22/28 MP: 3/3
  1048 | D:2      | Reached XP level 4. HP: 13/35 MP: 4/4
  1249 | D:2      | Noticed Terence
  1269 | D:2      | Killed Terence
  1858 | D:3      | Reached XP level 5. HP: 25/41 MP: 5/5
  2526 | D:3      | Found a sparkling altar of Nemelex Xobeh.
  3267 | D:4      | Reached XP level 6. HP: 34/47 MP: 6/6
  3333 | D:4      | Noticed kantspehl's ghost (amateur GrEE)
  3368 | D:4      | Reached skill level 1 in Short Blades
  3426 | D:4      | Killed kantspehl's ghost
  3426 | D:4      | Reached skill level 1 in Throwing
  3546 | D:4      | Found a glowing drain.
  3649 | D:4      | Slain by an ogre

Skill      XL: |  1  2  3  4  5  6 |
---------------+-------------------+-----
Shields        | 3 4 |  4.4
Polearms       | 2 |  2.2
Dodging        | 1 2 |  2.4
Fighting       | 3 |  3.6
Armour         | 3 4 |  4.0
Short Blades   | 1 |  1.4
Throwing       | 1 |  1.3

Action                   |  1- 3 |  4- 6 || total
-------------------------+-------+-------++-------
Melee: Trident           |    72 |       ||    72
       Bite              |     6 |    47 ||    53
       Dagger            |    22 |   317 ||   339
Throw: Javelin           |       |    22 ||    22
  Use: Potion            |     4 |     2 ||     6
       Scroll            |     2 |     3 ||     5
  Eat: Corpse            |     7 |    11 ||    18
Armor: Scale mail        |    43 |     9 ||    52
       Plate armour      |       |   152 ||   152
Dodge: Dodged            |    36 |    40 ||    76
Block: Shield            |    80 |   114 ||   194
